 Dungeon Crawl Stone Soup version 0.27.0-1-g7a089689b8 (webtiles) character file.

Game seed: 12893371602087106563

1734 pkoi the Martial Artist (level 8, -4/66 HPs)
             Began as a Purple Draconian Monk on Aug 10, 2021.
             Was an Elder of Zin.
             Slain by a gnoll shaman (8 damage)
             ... on level 6 of the Dungeon.
             The game lasted 00:10:40 (7514 turns).

pkoi the Martial Artist (Purple Draconian Monk)     Turns: 7514, Time: 00:10:40

Health: -4/66      AC:  9    Str: 14    XL:     8   Next: 76%
Magic:  0/13       EV: 13    Int: 12    God:    Zin [****..]
Gold:   219        SH:  0    Dex: 14    Spells: 7/7 levels left

rFire    + . .     SeeInvis .     - Unarmed
rCold    . . .     Faith    .   (no shield)
rNeg     . . .     Spirit   +   (armour unavailable)
rPois    +         Reflect  .   (helmet restricted)
rElec    .         Harm     .   (no cloak)
rCorr    .         Rampage  .   (no gloves)
Will     +....                  w - +2 pair of boots {Stlth+}
Stlth    +++.......             d - amulet of guardian spirit
HPRegen  0.21/turn              j - ring of poison resistance
MPRegen  0.13/turn              l - ring of protection from fire

@: no status effects
A: breathe power, AC +6, unfitting armour, cold-blooded
a: Breathe Dispelling Energy, Renounce Religion, Recite, Vitalisation, Imprison,
Donate Gold


You were on level 6 of the Dungeon.
You worshipped Zin.
Zin was greatly pleased with you.
You visited 2 branches of the dungeon, and saw 8 of its levels.

You collected 243 gold pieces.
You donated 24 gold pieces to Zin.

Inventory:

Hand Weapons
 a - a +3 dagger of venom
Missiles
 v - 18 poisoned darts (quivered)
Armour
 w - a +2 pair of boots of stealth (worn)
Jewellery
 b - a ring of see invisible
 d - an amulet of guardian spirit (around neck)
 e - a ring of flight
 g - a ring of wizardry
 j - a ring of poison resistance (left hand)
 l - a ring of protection from fire (right hand)
 o - a ring of protection from cold
Wands
 h - a wand of digging (5)
 n - a wand of flame (31)
 s - a wand of iceblast (3)
Scrolls
 f - 4 scrolls of magic mapping
 i - a scroll of summoning
 k - 2 scrolls of identify
 p - a scroll of teleportation
Potions
 c - a potion of magic
 m - a potion of heal wounds


   Skills:
 + Level 4.2 Fighting
 + Level 3.7 Dodging
 - Level 1.7 Stealth
 * Level 8.6 Unarmed Combat
 + Level 7.5 Invocations


You had 7 spell levels left.
You didn't know any spells.
Your spell library was empty.

Dungeon Overview and Level Annotations

Branches:
Dungeon (7/15)             Temple (1/1) D:6

Altars:
Ashenzari
Cheibriados
Dithmenos
Elyvilon
Fedhas
Gozag
Hepliaklqana
Kikubaaqudgha
Makhleb
Nemelex Xobeh
Okawaru
Ru
Sif Muna
Trog
Vehumet
Wu Jian
Xom
Zin
The Shining One


Innate Abilities, Weirdness & Mutations

You can breathe bolts of dispelling energy.
Your rich purple scales are hard. (AC +6)
You cannot fit into any form of body armour.
You are cold-blooded and may be slowed by cold attacks.


Message History

The electric eel shoots out a bolt of lightning at you!
The bolt of electricity hits you!
The electric eel shoots out a bolt of lightning at you!
The bolt of electricity hits the electric eel.
The electric eel completely resists.
The bolt of electricity hits you! The gnoll misses you.
You miss the electric eel.
The electric eel is almost dead.
The electric eel shoots out a bolt of lightning at you!
The bolt of electricity hits the electric eel.
The electric eel completely resists.
The bolt of electricity misses you. The gnoll closely misses you.
The dart slug splashes around in the water.
Unknown command.
You punch the electric eel!
You kill the electric eel!
The electric eel shoots out a bolt of lightning at you!
The bolt of electricity hits you! The gnoll hits you but does no damage.
Unknown command.
The gnoll barely misses you.
There is a stone staircase leading up, spattered with blood here.
The gnoll shaman hits you with a +0 war axe.
The electric eel shoots out a bolt of lightning at you!
The bolt of electricity hits you!
* * * LOW HITPOINT WARNING * * *
The gnoll hits you from afar with a +0 halberd.
* * * LOW HITPOINT WARNING * * *
You climb upwards.
There is a stone staircase leading down here.
Unknown command.
Unknown command.
You hit the gnoll shaman.
The gnoll shaman is lightly wounded.
The gnoll shaman hits you with a +0 war axe.
* * * LOW HITPOINT WARNING * * *
The dart slug misses you.
You punch the gnoll shaman!
The gnoll shaman is heavily wounded.
The gnoll shaman hits you with a +0 war axe!
You die...

### ### #.###.#
#.....# #.###.# #.#
#.# #)# #.#
################ #)#
#.#
...........)...###)#
#.#
########.#####..@g.#
#.# ♣ ♣.♣♣ ##.w###
#.# ♣ ♣♣.♣♣ #...#
#.# ♣ ♣♣)♣ ##..#
#.#### ♣ ♣.♣
#..####....# ♣ ♣.♣
#.....#.##.# ♣.♣
#.###.####.### ♣.♣
#.....(......# ♣.♣♣
#####.########


You could see a gnoll shaman and a dart slug.

Vanquished Creatures
  Eustachio (D:6)
  A water moccasin (D:6)
  2 ice beasts (D:6)
  A necrophage (D:6)
  A sky beast (D:6)
  3 ogres
  A phantom (D:6)
  A kobold brigand (D:6)
  2 scorpions
  A wyvern zombie (D:4)
  A water moccasin skeleton (D:4)
  A howler monkey (D:6)
  An electric eel (D:7)
  A bullfrog zombie (D:6)
  3 hounds
  Jessica (D:2)
  A bullfrog skeleton (D:6)
  An iguana (D:5)
  2 orc wizards (D:5)
  A hound skeleton (D:4)
  A howler monkey zombie (D:5)
  8 gnolls
  4 adders
  A white imp (D:6)
  2 ufetubi
  A worm (D:3)
  6 dart slugs
  10 orcs
  5 bats
  8 endoplasms
  A giant cockroach (D:1)
  6 goblins
  4 hobgoblins
  2 jackals (D:5)
  9 kobolds
  A quokka (D:4)
  7 ball pythons
  4 frilled lizards
  4 rats
111 creatures vanquished.

Vanquished Creatures (others)
  An orc wizard (D:5)
  A gnoll (D:7)
2 creatures vanquished.

Grand Total: 113 creatures vanquished

Notes
Turn   | Place    | Note
-------+----------+-------------------------------------------
     0 | D:1      | pkoi the Draconian Monk began the quest for the Orb.
     0 | D:1      | Reached XP level 1. HP: 19/19 MP: 1/1
   314 | D:1      | Reached XP level 2. HP: 23/26 MP: 2/2
   606 | D:1      | Reached skill level 4 in Unarmed Combat
   936 | D:1      | Reached XP level 3. HP: 31/31 MP: 3/3
  1483 | D:2      | Found a glowing silver altar of Zin.
  1512 | D:2      | Became a worshipper of Zin the Law-Giver
  1512 | D:2      | Reached * piety under Zin
  1512 | D:2      | Reached ** piety under Zin
  1526 | D:2      | Noticed Jessica
  1531 | D:2      | Killed Jessica
  1532 | D:2      | Reached XP level 4. HP: 39/39 MP: 4/4
  2187 | D:2      | Found a faded altar of an unknown god.
  2366 | D:3      | Reached skill level 1 in Invocations
  2807 | D:4      | Reached XP level 5. HP: 27/46 MP: 3/6
  2955 | D:4      | Found a glowing golden altar of the Shining One.
  2958 | D:4      | Found a broken altar of Ashenzari.
  2958 | D:4      | Found a glowing silver altar of Zin.
  2960 | D:4      | Found a blossoming altar of Fedhas.
  2977 | D:4      | Reached *** piety under Zin
  3001 | D:4      | Reached skill level 5 in Unarmed Combat
  3301 | D:4      | Reached XP level 6. HP: 11/52 MP: 2/8
  3869 | D:5      | Entered Level 5 of the Dungeon
  3971 | D:5      | Found a burning altar of Makhleb.
  4530 | D:5      | Reached skill level 6 in Unarmed Combat
  4658 | D:5      | Your scales start taking on a rich purple colour.
  4658 | D:5      | Reached XP level 7. HP: 46/58 MP: 6/10
  5300 | D:6      | Reached skill level 5 in Invocations
  5553 | D:6      | Reached skill level 7 in Unarmed Combat
  5849 | D:6      | Reached XP level 8. HP: 45/66 MP: 7/12
  5990 | D:6      | Noticed Eustachio
  6062 | D:6      | Killed Eustachio
  6316 | D:6      | Found a staircase to the Ecumenical Temple.
  6328 | Temple   | Entered the Ecumenical Temple
  6432 | D:6      | Reached skill level 8 in Unarmed Combat
  6733 | D:6      | Reached **** piety under Zin
  6774 | D:6      | Noticed a cyclops
  7514 | D:6      | Slain by a gnoll shaman

Illustrated notes

Levels and vault maps discovered:
D:1:      lightli_arrival_chessboard, layout_loops_corners
D:2:      layout_basic, basic_altar, hellmonk_ecumenical_altar_inner_sanctum,
          hangedman_glass_garden, minmay_strange_pillars, uniq_jessica
D:3:      layout_loops_ring
D:4:      layout_rooms, grunt_temple_overflow_open, grunt_decor_fettered
D:5:      layout_loops_ring, lemuel_round_altar
D:6:      kb_forest_paths, layout_basic, minmay_temple_entry_stoned_glass,
          uniq_eustachio
D:7:      kennysheep_slugbush, layout_loops_ring,
          mainiacjoe_overflow_six_doors_small
Temple:   nicolae_temple_great_sept

Skill      XL: |  1  2  3  4  5  6  7  8 |
---------------+-------------------------+-----
Unarmed Combat | 4 5 6 7 8 |  8.6
Dodging        | 3 |  3.7
Invocations    | 1 2 4 6 7 |  7.5
Fighting       | 4 |  4.2
Stealth        | |  1.7

Action                   |  1- 3 |  4- 6 |  7- 9 || total
-------------------------+-------+-------+-------++-------
Melee: Unarmed           |    91 |    72 |   113 ||   276
       Tailslap          |    13 |    31 |    21 ||    65
       Dagger            |       |    97 |    97 ||   194
       Punch             |       |     1 |     6 ||     7
 Abil: Breathe Dispellin |       |       |     3 ||     3
Evoke: Wand              |       |       |     3 ||     3
  Use: Scroll            |       |     7 |     2 ||     9
       Potion            |       |     1 |     6 ||     7
 Stab: Sleeping          |     7 |     6 |     2 ||    15
Armor: Skin              |    20 |    44 |    63 ||   127
Dodge: Dodged            |    39 |   127 |   161 ||   327
